 Dungeon Crawl Stone Soup version 0.18-a0-1789-gbeff17f (webtiles) character file.

81 dobroeutro the Skirmisher (level 4, -2/29 HPs)
             Began as a Gargoyle Fighter on Apr 21, 2016.
             Slain by a river rat (5 damage)
             ... in a sewer.
             The game lasted 00:02:36 (1267 turns).

dobroeutro the Skirmisher (Gargoyle Fighter)        Turns: 1267, Time: 00:02:36

Health: -2/29      AC: 10    Str: 21    XL:     4   Next: 40%
Magic:  4/4        EV:  7    Int:  8    God:
Gold:   103        SH: 10    Dex:  9    Spells: 0 memorised, 3 levels left

rFire  . . .     SeeInvis .     a - +0 flail
rCold  . . .     Gourm    .     b - +0 scale mail
rNeg   + . .     Faith    .     c - +1 shield
rPois  ∞         Spirit   .     (no helmet)
rElec  +         Dismiss  .     (no cloak)
rCorr  .         Reflect  .     (no gloves)
SustAt .         Harm     .     (no boots)
MR     .....                    k - amulet of magic regeneration
Stlth  ..........               (no ring)
                                (no ring)

@: not resistant to hostile enchantments, extremely unstealthy
A: negative energy resistance 1, electricity resistance, unbreathing,
petrification resistance, rot immunity, AC +3
a: no special abilities


You were in a sewer.
You were hungry.

You visited 1 branch of the dungeon, and saw 3 of its levels.
You also visited: Sewer.

You collected 103 gold pieces.

Inventory:

Hand Weapons
 a - a +0 flail (weapon)
Armour
 b - a +0 scale mail (worn)
 c - a +1 shield (worn)
Jewellery
 k - an amulet of magic regeneration (around neck)
Scrolls
 g - a scroll of remove curse
 j - 2 scrolls of identify
Potions
 d - a potion of might
 e - a potion of curing
 i - 3 potions of flight {unknown}
 l - a potion of invisibility {unknown}
 p - 2 potions of agility {unknown}
Comestibles
 f - 3 bread rations
 h - a slice of pizza


   Skills:
 + Level 4.1 Fighting
 + Level 2.7 Maces & Flails
 + Level 3.8 Armour
 + Level 4.0 Shields


You had 3 spell levels left.
You didn't know any spells.

Dungeon Overview and Level Annotations

Branches:
Dungeon (3/15)

Altars:
The Shining One

Annotations:
D:3 Yehuk's ghost, amateur DsFi


Innate Abilities, Weirdness & Mutations

You are resistant to torment.
Your stone body is resilient (AC +3).
You are immune to poison.
You resist negative energy.
You are resistant to electric shocks.
You can survive without breathing.
You are immune to petrification.
You are immune to rotting.


Message History

There are monsters nearby!
You hit the river rat.
The river rat is heavily wounded.
You block the river rat's attack.
The river rat bites you but does no damage.
The river rat closely misses you.
You closely miss the river rat.
The river rat is heavily wounded.
You block the river rat's attack. x2
You barely miss the river rat.
The river rat is heavily wounded.
The river rat completely misses you.
The river rat bites you but does no damage.
You block the river rat's attack.
You closely miss the river rat.
The river rat is heavily wounded.
The river rat twitches its whiskers.
The river rat bites you but does no damage.
The river rat bites you.
You die...

#≈#
#≈#
#.#
#.#
#r#
#r#
#r#
#@#
#r#
#r#
#∩#
#.#
#.#
#.#
#.#
###


You could see 4 river rats and a rat.

Vanquished Creatures
  5 adders
  A dart slug (D:1)
  A giant gecko (D:3)
  3 orcs (D:3)
  A bat (D:2)
  A giant cockroach (D:1)
  3 hobgoblins
  2 kobolds (D:2)
  A quokka (D:2)
  A ball python (D:1)
  A giant newt (D:1)
  5 goblins
  7 rats
32 creatures vanquished.

Notes
Turn   | Place    | Note
--------------------------------------------------------------
     0 | D:1      | dobroeutro the Gargoyle Fighter began the quest for the Orb.
     0 | D:1      | Reached XP level 1. HP: 14/14 MP: 1/1
   225 | D:1      | Reached XP level 2. HP: 19/19 MP: 2/2
   631 | D:2      | Found a glowing golden altar of the Shining One.
   692 | D:2      | Reached XP level 3. HP: 18/23 MP: 3/3
   881 | D:2      | Reached XP level 4. HP: 15/29 MP: 4/4
  1200 | D:3      | Noticed Yehuk's ghost (amateur DsFi)
  1233 | D:3      | Found a glowing drain.
  1244 | Sewer    | Entered a sewer
  1267 | Sewer    | Slain by a river rat

Vault maps used:
D:1:      dpeg_arrival_radiant
D:2:      lemuel_crystal_altar
D:3:      wad_pebble_path, ecumenical_altar_2, portal_sewer_entry_d,
          uniq_grinder, uniq_terence
Sewer:    sewer_kobolds

Skill      XL: |  1  2  3  4 |
---------------+-------------+-----
Shields        | 4 |  4.0
Fighting       | 4 |  4.1
Maces & Flails | |  2.7
Armour         | |  3.8

Action                   |  1- 3 |  4- 6 || total
-------------------------+-------+-------++-------
Melee: Flail             |    37 |    49 ||    86
       Mace              |    63 |    16 ||    79
  Use: Scroll            |       |     4 ||     4
  Eat: Chunk             |       |     1 ||     1
Armor: Scale mail        |    51 |    36 ||    87
Dodge: Dodged            |    60 |    30 ||    90
Block: Shield            |    56 |    55 ||   111
